 Dungeon Crawl Stone Soup version 0.28.0 (webtiles) character file.

Game seed: 14104713750982038820

476 Dorkslayer the Conjurer (level 7, -1/45 HPs)
             Began as an Octopode Conjurer on June 22, 2022.
             Slain by an ice beast (5 damage)
             ... on level 3 of the Dungeon.
             The game lasted 00:14:45 (3770 turns).

Dorkslayer the Conjurer (Octopode Conjurer)         Turns: 3770, Time: 00:14:45

Health: -1/45      AC:  1    Str:  8    XL:     7   Next: 10%
Magic:  8/12       EV: 13    Int: 21    God:
Gold:   92         SH:  0    Dex: 10    Spells: 6/13 levels left

rFire   . . .      SeeInvis .   c - +3 quick blade
rCold   + . .      Faith    .   (no shield)
rNeg    . . .      Spirit   .   (helmet restricted)
rPois   .          Reflect  .   b - amulet of the acrobat
rElec   .          Harm     .   l - ring of protection from cold
rCorr   .          Rampage  .   (no ring)
Will    .....                   (no ring)
Stlth   ++........              (no ring)
HPRegen 0.15/turn               (no ring)
MPRegen 0.13/turn               (no ring)
                                (no ring)
                                (no ring)

@: confused, ambrosia-drunk
A: almost no armour, amphibious, 8 rings, camouflage 1, gelatinous body 1,
(nimble swimmer 1), tentacles
a: no special abilities


You were on level 3 of the Dungeon.
You visited 1 branch of the dungeon, and saw 4 of its levels.

You collected 92 gold pieces.

Inventory:

Hand Weapons
 c - a +3 quick blade (weapon)
 i - a +0 hand axe
Jewellery
 b - an amulet of the acrobat (around mantle)
 d - an amulet of faith
 l - a ring of protection from cold (left tentacle)
Wands
 g - a wand of flame (14)
Potions
 a - a potion of berserk rage
 e - 2 potions of mutation


   Skills:
 * Level 2.3 Fighting
 * Level 1.3 Short Blades
 + Level 0.3 Axes
 * Level 2.4 Dodging
 + Level 3.8 Stealth
 * Level 2.0 Unarmed Combat
 * Level 3.8 Spellcasting
 * Level 5.2 Conjurations
 * Level 2.0 Evocations


You had 6 spell levels left.
You knew the following spells:

 Your Spells              Type           Power      Damage    Failure   Level
a - Magic Dart            Conj           100%       1d8       1%          1
b - Searing Ray           Conj           52%        2d6       2%          2
c - Iskenderun's Mystic   Conj/Tloc      15%        2d5       38%         4

Your spell library contained the following spells:

 Spells                   Type           Power      Damage    Failure   Level
 Animate Skeleton         Necr           6%         N/A       12%         1
 Apportation              Tloc           6%         N/A       12%         1
 Freeze                   Ice            12%        1d4       12%         1
 Slow                     Hex            12%        N/A       12%         1
 Summon Small Mammal      Summ           12%        N/A       12%         1
 Dazzling Flash           Conj/Hex       30%        N/A       13%         3
 Ensorcelled Hibernation  Hex/Ice        6%         N/A       19%         2
 Confusing Touch          Hex            3%         N/A       36%         3
 Frozen Ramparts          Ice            6%         1d2       36%         3
 Spider Form              Tmut/Pois      3%         N/A       36%         3
 Tukima's Dance           Hex            3%         N/A       36%         3
 Vampiric Draining        Necr           3%         2d6       36%         3
 Fulminant Prism          Conj/Hex       7%         3d7       38%         4
 Hailstorm                Conj/Ice       15%        3d5       38%         4
 Anguish                  Hex/Necr       1%         N/A       77%         4
 Enfeeble                 Hex            1%         N/A       100%        7


Dungeon Overview and Level Annotations

Branches:
Dungeon (4/15)
 Temple: D:4-7

Altars:

Annotations:
D:3 1 runed translucent door, Crazy Yiuf


Innate Abilities, Weirdness & Mutations

You cannot wear most types of armour.
You are amphibious.
You can wear up to eight rings at the same time.
Your skin changes colour to match your surroundings (Stealth+).
Your rubbery body absorbs attacks. (AC +1, EV +1)
((You are camouflaged when in or above water. (Stealth+)))
You have tentacles for arms and can constrict up to eight enemies at once.


Message History

Casting: Searing Ray (safe; 2% risk of failure)
Confirm with . or Enter, or press ? or * to list all spells.
The spell is quite dangerous to miscast (38% risk of failure)!
Continue anyway?
You erupt in a blast of force!
The mystic blast hits the ice beast!
The ice beast is moderately wounded.
The ice beast is knocked back by the mystic blast.
Unknown command.
You hit the ice beast but do no damage.
The ice beast is moderately wounded.
The ice beast closely misses you.
You hit the ice beast.
The ice beast is heavily wounded.
You hit the ice beast.
The ice beast is severely wounded.
The ice beast hits you but does no damage.
You barely miss the ice beast. You squeeze the ice beast.
The ice beast is severely wounded.
You hit the ice beast.
The ice beast is almost dead.
The ice beast hits you. The ice beast freezes you. You resist.
You barely miss the ice beast.
The ice beast is almost dead.
The ice beast barely misses you.
You hit the ice beast but do no damage. Your squeeze misses the ice beast.
The ice beast is almost dead.
You hit the ice beast but do no damage.
The ice beast is almost dead.
The ice beast hits you. The ice beast freezes you. You resist.
* * * LOW HITPOINT WARNING * * *
You closely miss the ice beast. Your squeeze misses the ice beast.
The ice beast is almost dead.
The ice beast hits you.
* * * LOW HITPOINT WARNING * * *
The ice beast freezes you. You resist.
* * * LOW HITPOINT WARNING * * *
You are confused.
You feel invigorated. The ice beast hits you.
* * * LOW HITPOINT WARNING * * *
The ice beast freezes you. You resist.
You die...

#######.######.##### #.##...
#.### #.# #....(. #...####.#
##..... ###########...##.#
#####..... ....!.T.#
###.##.#####.....#... ...<...l#
#[.#.#.....#####... ........#
##.#...##### #...
........######...###### #...
.......<)).)[Y@.......######...
........###.###....##..........
####...##...# #.##..#########..
###. #.### #.###.# ## # #....
#.# #.#######. # #### #.#
#.........### #.# ##.........##
..# #.#######.## #.# #.#.


You could see an ice beast.

Vanquished Creatures
  Pargi (D:3)
  A scorpion (D:4)
  Jessica (D:2)
  An iguana (D:3)
  3 orc wizards (D:3)
  Natasha (thrice) (D:3)
  5 adders
  A worm (D:3)
  3 dart slugs
  6 orcs
  6 ball pythons
  4 endoplasms
  2 giant cockroaches
  4 goblins
  7 hobgoblins
  3 jackals (D:2)
  4 kobolds
  A quokka (D:3)
  8 bats
  3 frilled lizards
  2 rats (D:3)
69 creatures vanquished.

Notes
Turn   | Place    | Note
-------+----------+-------------------------------------------
     0 | D:1      | Dorkslayer the Octopode Conjurer began the quest for the
                  | Orb.
     0 | D:1      | Reached XP level 1. HP: 11/11 MP: 3/3
   412 | D:1      | Found a faded altar of an unknown god.
   686 | D:1      | Reached XP level 2. HP: 18/18 MP: 1/5
  1417 | D:2      | You fall into a shaft and drop 1 floor!
  1424 | D:3      | Reached skill level 1 in Fighting
  1424 | D:3      | Reached XP level 3. HP: 23/23 MP: 1/6
  1520 | D:3      | Noticed Natasha
  1524 | D:3      | Killed Natasha
  1631 | D:3      | Noticed Pargi
  1859 | D:2      | Reached XP level 4. HP: 28/28 MP: 0/7
  1895 | D:2      | Reached skill level 1 in Unarmed Combat
  2064 | D:2      | Noticed Jessica
  2068 | D:2      | Killed Jessica
  2391 | D:2      | Reached XP level 5. HP: 34/34 MP: 2/9
  2585 | D:2      | Reached skill level 1 in Evocations
  2970 | D:3      | Learned a level 2 spell: Searing Ray
  3176 | D:3      | Noticed Natasha
  3187 | D:3      | Killed Natasha
  3296 | D:4      | Identified a scroll of acquirement
  3297 | D:4      | Acquired a +3 quick blade
  3353 | D:3      | Reached XP level 6. HP: 31/39 MP: 4/11
  3439 | D:3      | Reached skill level 5 in Conjurations
  3527 | D:3      | Learned a level 4 spell: Iskenderun's Mystic Blast
  3552 | D:3      | Found a runed translucent door.
  3553 | D:3      | Noticed Crazy Yiuf
  3583 | D:3      | Noticed Natasha
  3595 | D:3      | Killed Natasha
  3751 | D:3      | Killed Pargi
  3751 | D:3      | Noticed an ice beast
  3752 | D:3      | Reached XP level 7. HP: 23/45 MP: 6/12
  3759 | D:3      | Reached skill level 1 in Short Blades
  3770 | D:3      | Slain by an ice beast

Illustrated notes

Levels and vault maps discovered:
D:1:      dpeg_arrival_circle_labyrinth_a, layout_basic,
          shapermc_ecumenical_altar_mp_highgroup
D:2:      layout_basic, amcnicky_mini_pool_small, minmay_crystal_water,
          uniq_jessica
D:3:      layout_rooms, kennysheep_generic_room_10, uniq_natasha,
          uniq_crazy_yiuf_cottage, uniq_pargi
D:4:      layout_basic

Skill      XL: |  1  2  3  4  5  6  7 |
---------------+----------------------+-----
Fighting       | 1 2 |  2.3
Unarmed Combat | 1 2 |  2.0
Spellcasting   | 3 |  3.8
Stealth        | 3 |  3.8
Evocations     | 1 2 |  2.0
Conjurations   | 5 |  5.2
Short Blades   | 1 |  1.3
Axes           | |  0.3
Dodging        | |  2.4

Action                   |  1- 3 |  4- 6 |  7- 9 || total
-------------------------+-------+-------+-------++-------
Melee: Unarmed           |     5 |       |       ||     5
       Dagger            |     9 |       |       ||     9
       Tentacles         |     3 |     9 |     3 ||    15
       Constrict         |     4 |     8 |     1 ||    13
       Hand axe          |     5 |    14 |       ||    19
       Punch             |     1 |       |       ||     1
       Quick blade       |       |    14 |    15 ||    29
 Cast: Magic Dart        |    48 |    64 |       ||   112
       Searing Ray       |       |     3 |       ||     3
       Iskenderun's Myst |       |     1 |     1 ||     2
Evoke: Wand              |       |     9 |     1 ||    10
  Use: Scroll            |       |     9 |       ||     9
       Potion            |       |       |     1 ||     1
 Stab: Sleeping          |     1 |     2 |       ||     3
Armor: Skin              |     3 |     4 |     1 ||     8
Dodge: Dodged            |    13 |    30 |     5 ||    48
